 Dungeon Crawl Stone Soup version 0.24-a0-443-g80245de385 (webtiles) character file.

Game seed: 13427082953963831112

86 theanonym the Cudgeler (level 4, -7/29 HPs)
             Began as a Mummy Warper on June 21, 2019.
             Was a Follower of Hepliaklqana.
             Splashed by a jelly's acid (9 damage)
             ... on level 2 of the Dungeon.
             The game lasted 00:02:23 (2689 turns).

theanonym the Cudgeler (Mummy Warper)               Turns: 2689, Time: 00:02:24

Health: -7/29      AC:  0    Str: 15    XL:     4   Next: 27%
Magic:  8/8        EV:  6    Int: 12    God:    Hepliaklqana [*.....]
Gold:   70         SH:  0    Dex: 11    Spells: 8/8 levels left

rFire    x . .     SeeInvis .   a - +0 mace
rCold    + . .     Gourm    .   (no shield)
rNeg     + + +     Faith    .   i - +0 chain mail
rPois    ∞         Spirit   .   d - +0 hat
rElec    .         Reflect  .   (no cloak)
rCorr    .         Harm     .   (no gloves)
MR       .....                  (no boots)
Stlth    ..........             (no amulet)
HPRegen  0.09/turn              (no ring)
MPRegen  0.11/turn              (no ring)

@: corroded
A: no food or potions, fire vulnerability, reduced essence, cold resistance 1,
negative energy resistance 3, torment resistance, unbreathing
a: Recall Ancestor, Ancestor Identity, Renounce Religion


Innate Abilities, Weirdness & Mutations

You do not eat or drink.
Your flesh is vulnerable to fire.
You are immune to poison.
Your flesh is cold resistant. (rC+)
You are immune to negative energy. (rN+++)
You are immune to unholy pain and torment.
You can survive without breathing.
Your life essence is reduced to manifest your ancestor. (-10% HP)


   Skills:
 - Level 2.0 Fighting
 + Level 3.8 Maces & Flails
 - Level 0.7 Throwing
 - Level 0.7 Armour
 - Level 1.5 Dodging
 - Level 2.6 Spellcasting
   Level 2.4 Translocations


You had 8 spell levels left.
You didn't know any spells.
Your spell library contained the following spells:

 Spells                   Type           Power        Failure   Level  Hunger
 Blink                    Tloc           N/A          98%         2    N/A
 Shroud of Golubria       Chrm/Tloc      #.....       99%         2    N/A
 Gell's Gravitas          Tloc           #.........   100%        3    N/A
 Lesser Beckoning         Tloc           #.........   100%        3    N/A
 Teleport Other           Tloc           #.......     100%        3    N/A
 Passage of Golubria      Tloc           N/A          100%        4    N/A

Skill      XL: |  1  2 |
---------------+-------+-----
Maces & Flails | 2 3 |  3.8
Fighting       | |  2.0
Throwing       | |  0.7
Armour         | |  0.7
Dodging        | |  1.5
Spellcasting   | |  2.6
Translocations | |  2.4

Action                   |  1- 3 |  4- 6 || total
-------------------------+-------+-------++-------
Melee: Mace              |    90 |    32 ||   122
Invok: Ancestor Identity |       |     1 ||     1
Armor: Leather armour    |    16 |     5 ||    21
       Chain mail        |       |     6 ||     6
Dodge: Dodged            |    59 |    27 ||    86

Inventory:

Hand Weapons
 a - a +0 mace (weapon)
Missiles
 e - 5 boomerangs of dispersal (quivered)
Armour
 b - a +0 leather armour
 d - a +0 hat (worn)
 i - a +0 chain mail (worn)
Jewellery
 c - an uncursed ring of flight {unknown}
Scrolls
 f - 3 scrolls of remove curse {unknown}
 g - a scroll of identify {unknown}
 h - a scroll of immolation {unknown}
 B - 3 scrolls of blinking


You were on level 2 of the Dungeon.
You worshipped Hepliaklqana.
Hepliaklqana was aware of your devotion.
You were not hungry.

You visited 1 branch of the dungeon, and saw 2 of its levels.

You collected 70 gold pieces.

Dungeon Overview and Level Annotations

Branches:
Dungeon (2/15)

Altars:
Hepliaklqana

##.....#..# #.#####.#
#####.#..# #.......# #.#..#
#######.# #.#..# #.#
######.#.## ###
.........#########
######.#.##÷..÷..##########
#.#.##..P÷JR'##......#####
#.#.##...JJ@#.#.......##.#
#.####.P.PJJ#.#......)†'.##
#.# #...JJJ#.#.[....).'..#
#.# #P.P.JP#†#'#......'..#
#.# #......#.#.#.....##(.#
#P.....#.#.#....###..##
#$.....##.####### ##...
########### #### ##.# #..#
#..


You could see the friendly Piston the ancestor, 2 jellies and 7 oozes.

Notes
Turn   | Place    | Note
-------+----------+-------------------------------------------
     0 | D:1      | theanonym the Mummy Warper began the quest for the Orb.
     0 | D:1      | Reached XP level 1. HP: 16/16 MP: 4/4
    31 | D:1      | Reached skill level 2 in Maces & Flails
   220 | D:1      | Reached XP level 2. HP: 18/22 MP: 5/5
   322 | D:1      | HP: 7/22 [hobgoblin (5)]
  1007 | D:1      | HP: 11/22 [kobold (2)]
  1474 | D:2      | HP: 9/22 [adder (3)]
  1476 | D:2      | Reached skill level 3 in Maces & Flails
  1476 | D:2      | Reached XP level 3. HP: 10/27 MP: 7/7
  1701 | D:2      | HP: 13/27 [adder (2)]
  1894 | D:2      | HP: 9/27 [worm (9)]
  1900 | D:2      | HP: 7/27 [hobgoblin (1)]
  2162 | D:2      | Reached XP level 4. HP: 18/33 MP: 8/8
  2537 | D:2      | Found a faded altar of an unknown god.
  2551 | D:2      | Became a worshipper of Hepliaklqana the Forgotten
  2551 | D:2      | Reached * piety under Hepliaklqana
  2689 | D:2      | HP: 14/29 [jelly (1)]
  2689 | D:2      | HP: 4/29 [acid (10)]
  2689 | D:2      | Splashed by a jelly's acid

Vanquished Creatures
  4 adders (D:2)
  2 oozes
  A worm (D:2)
  3 dart slugs
  A leopard gecko (D:1)
  A ball python (D:2)
  2 giant cockroaches
  A goblin (D:1)
  5 hobgoblins
  2 frilled lizards
  6 kobolds
  5 rats
33 creatures vanquished.

Vanquished Creatures (collateral kills)
  2 kobolds (D:2)
2 creatures vanquished.

Vanquished Creatures (others)
  9 toadstools (D:2)
9 creatures vanquished.

Grand Total: 44 creatures vanquished

Table legend:
 A = Turns spent in this place as a percentage of turns spent in the entire game.
 B = Non-inter-level travel turns spent in this place as a percentage of non-inter-level travel turns spent in the entire game.
 C = Inter-level travel turns spent in this place as a percentage of turns spent in this place.
 D = Turns resting spent in this place as a percentage of non-inter-level travel turns spent in this place.
 E = Turns spent auto-exploring this place as a percentage of non-inter-level travel turns spent in this place.
 F = Non-inter-level travel turns spent in this place divided by the number of levels of this place that you've seen.
                   A       B       C       D       E      F
               +-------+-------+-------+-------+-------+----------------------
         Total | 100.0 | 100.0 |   3.5 |  44.3 |  45.6 | 1298.0
       Dungeon | 100.0 | 100.0 |   3.5 |  44.3 |  45.6 | 1298.0
               +-------+-------+-------+-------+-------+----------------------
